 Dungeon Crawl Stone Soup version 0.23.0-3-gf3c87f2 (webtiles) character file.

Game seed: 4547550964560227663

1554 Semilg the Poker (level 8, -14/50 HPs)
             Began as a Gargoyle Berserker on Feb 21, 2019.
             Was a Priest of Trog.
             Demolished by a two-headed ogre
             ... wielding a +7 great mace
              (16 damage)
             ... on level 6 of the Dungeon.
             The game lasted 00:52:16 (5561 turns).

Semilg the Poker (Gargoyle Berserker)               Turns: 5561, Time: 00:52:17

Health: -14/50     AC: 19    Str: 23    XL:     8   Next: 88%
Magic:  8/8        EV:  7    Int:  8    God:    Trog [***...]
Gold:   279        SH:  4    Dex:  9    Spells: 7/7 levels left

rFire    + . .     SeeInvis .   d - +2 spear (pierce)
rCold    + . .     Gourm    .   q - +0 buckler
rNeg     + + .     Faith    .   s - +0 plate armour
rPois    ∞         Spirit   .   B - +0 helmet
rElec    +         Reflect  .   (no cloak)
rCorr    +         Harm     .   N - +0 pair of gloves
MR       .....                  (no boots)
Stlth    ..........             U - amulet of the acrobat
HPRegen  0.16/turn              i - ring of positive energy
MPRegen  0.11/turn              (no ring)

@: resistant
A: negative energy resistance 1, electricity resistance, unbreathing,
petrification resistance, rot immunity, AC +5
a: Berserk, Trog's Hand, Renounce Religion


You were on level 6 of the Dungeon.
You worshipped Trog.
Trog was most pleased with you.
You were very hungry.

You visited 1 branch of the dungeon, and saw 6 of its levels.

You collected 279 gold pieces.

Inventory:

Hand Weapons
 a - a +0 mace
 d - a +2 spear of piercing (weapon)
 u - a +0 scythe
 y - a +0 flail
 A - a +1 spear of piercing
 G - a cursed -1 trident
 K - a +0 war axe
 P - a +0 blowgun
 Q - a +3 war axe
Missiles
 g - 81 arrows
 J - 45 poisoned needles (quivered)
 R - 27 sling bullets
Armour
 b - a +0 chain mail
 f - the +4 chain mail of Foolhardiness {rCorr, unknown}
   (You found it on level 6 of the Dungeon)

   It provides partial protection from all sources of acid and corrosion.
 q - a +0 buckler (worn)
 s - a +0 plate armour (worn)
 B - a +0 helmet (worn)
 C - a +2 robe of fire resistance
 N - a +0 pair of gloves (worn)
 S - a +0 scale mail
Jewellery
 i - a ring of positive energy (left hand)
 U - an amulet of the acrobat (around neck)
Scrolls
 e - 2 scrolls of immolation {unknown}
 j - a scroll of enchant armour {unknown}
 l - a scroll of enchant weapon {unknown}
 m - 3 scrolls of blinking {unknown}
 r - a scroll of noise {unknown}
 w - a scroll of magic mapping {unknown}
 D - 4 scrolls of teleportation {unknown}
 F - a scroll of fear {unknown}
 H - a scroll of fog {unknown}
 M - 3 scrolls of remove curse
 V - a scroll of vulnerability {unknown}
Potions
 k - 2 potions of agility
 t - a potion of heal wounds
 x - a potion of degeneration
 z - 2 potions of invisibility
 E - 2 potions of flight
 L - a potion of cancellation
 O - a potion of brilliance
Comestibles
 c - 15 rations


   Skills:
 + Level 5.6 Fighting
 + Level 4.6 Maces & Flails
 + Level 5.7 Polearms
 * Level 4.0 Throwing
 + Level 4.3 Armour
 + Level 2.2 Dodging
 + Level 0.3 Stealth
 + Level 2.4 Shields


You had 7 spell levels left.
You didn't know any spells.
Your spell library contained the following spells:

 Spells                   Type           Power        Failure   Level  Hunger
 Magic Dart               Conj           #...         100%        1    ##.....
 Blink                    Tloc           N/A          100%        2    ###....
 Call Imp                 Summ           #.......     100%        2    ###....
 Ensorcelled Hibernation  Hex/Ice        #.....       100%        2    ###....
 Slow                     Hex            #.......     100%        2    ###....
 Conjure Flame            Conj/Fire      #.......     100%        3    ####...
 Mephitic Cloud           Conj/Pois/Air  #.......     100%        3    ####...
 Borgnjor's Vile Clutch   Necr/Erth      #.........   100%        5    ######.
 Silence                  Hex/Air        #.........   100%        5    ######.
 Darkness                 Hex            #.........   100%        6    #######
 Shadow Creatures         Summ           N/A          100%        6    #######


Dungeon Overview and Level Annotations

Branches:
Dungeon (6/15)
 Temple: D:4-7

Altars:
Dithmenos
Elyvilon
Qazlal
Yredelemnul

Shops:
D:4 :(((

Annotations:
D:6 dengdeng's ghost, novice MiBe


Innate Abilities, Weirdness & Mutations

You are resistant to torment.
Your stone body is resilient. (AC +5)
You are immune to poison.
You resist negative energy. (rN+)
You are resistant to electric shocks. (rElec)
You can survive without breathing.
You are immune to petrification.
You are immune to rotting.


Message History

You block the two-headed ogre's attack.
The two-headed ogre hits you with a +5 dire flail.
* * * LOW HITPOINT WARNING * * *
You puncture the two-headed ogre!
The two-headed ogre is severely wounded.
The two-headed ogre hits you with a +7 great mace.
* * * LOW HITPOINT WARNING * * *
The two-headed ogre barely misses you.
You feel much better.
The two-headed ogre hits you with a +7 great mace!
* * * LOW HITPOINT WARNING * * *
The two-headed ogre hits you but does no damage.
You hit the two-headed ogre.
The two-headed ogre is severely wounded.
You barely miss the two-headed ogre.
The two-headed ogre is severely wounded.
The two-headed ogre hits you with a +7 great mace!
* * * LOW HITPOINT WARNING * * *
The two-headed ogre hits you with a +5 dire flail!
You die...

#....##........#.........
#.#####..................
## ##.................
#.##...##.......##
####..######....# ###
##.## ##..## #.# ###...#
##..## #.#####.O...##
#.... ##.##..@.##..#
#.### ###......####.##
### #........## ##.#
####...##.## ###
#.#####.# ### ###


You could see a two-headed ogre.

Vanquished Creatures
  Grinder (D:6)
  Sigmund (D:2)
  3 ice beasts
  A phantom (D:4)
  A scorpion (D:6)
  A crimson imp (D:5)
  3 bullfrog zombies
  A jelly (D:5)
  2 hounds
  An orc priest (D:4)
  2 bullfrog skeletons
  2 iguanas (D:5)
  2 orc wizards
  Jessica (D:2)
  2 worker ants
  A hound zombie (D:6)
  A hound skeleton (D:4)
  Robin (D:2)
  4 gnolls (D:6)
  8 adders
  A shadow imp (D:5)
  3 oozes
  2 worms (D:3)
  2 dart slugs (D:1)
  6 leopard geckos
  12 orcs
  A ball python (D:1)
  9 bats
  6 giant cockroaches
  16 goblins
  6 hobgoblins
  5 jackals
  A quokka (D:5)
  6 frilled lizards
  A jackal skeleton (D:4)
  A jackal zombie (D:5)
  6 kobolds
  A leopard gecko skeleton (D:4)
  6 rats
  A spectral orc (D:6)
131 creatures vanquished.

Notes
Turn   | Place    | Note
-------+----------+-------------------------------------------
     0 | D:1      | Semilg the Gargoyle Berserker began the quest for the Orb.
     0 | D:1      | Reached XP level 1. HP: 14/14 MP: 1/1
   243 | D:1      | Reached XP level 2. HP: 19/19 MP: 2/2
   444 | D:1      | Reached XP level 3. HP: 24/24 MP: 3/3
  1108 | D:2      | Found a stormy altar of Qazlal.
  1166 | D:2      | Noticed Jessica
  1192 | D:2      | Killed Jessica
  1192 | D:2      | Reached ** piety under Trog
  1192 | D:2      | Reached XP level 4. HP: 23/29 MP: 4/4
  1353 | D:2      | Noticed Robin
  1373 | D:2      | Killed Robin
  1633 | D:2      | Noticed Sigmund
  1670 | D:2      | Killed Sigmund
  1670 | D:2      | Reached skill level 1 in Polearms
  1670 | D:2      | Reached skill level 1 in Throwing
  1670 | D:2      | Reached XP level 5. HP: 24/34 MP: 5/5
  1670 | D:2      | Reached XP level 6. HP: 27/39 MP: 6/6
  2087 | D:3      | Found a white marble altar of Elyvilon.
  2469 | D:3      | Found a faded altar of an unknown god.
  2803 | D:4      | Reached *** piety under Trog
  2805 | D:4      | Found Oginacox's Antique Weapon Shop.
  2810 | D:4      | Reached XP level 7. HP: 40/44 MP: 7/7
  2855 | D:4      | Found Okeusel's Weapon Shop.
  2880 | D:4      | Found Xecweantell's Weapon Shop.
  2966 | D:4      | Reached skill level 1 in Shields
  3104 | D:4      | Found Buecvah's Book Shoppe.
  3131 | D:4      | Found a shadowy altar of Dithmenos.
  3331 | D:5      | Entered Level 5 of the Dungeon
  3387 | D:5      | Reached skill level 5 in Fighting
  3682 | D:5      | Reached XP level 8. HP: 44/49 MP: 8/8
  4772 | D:6      | Found a transporter.
  4774 | D:6      | Noticed dengdeng's ghost (novice MiBe)
  4846 | D:6      | Reached skill level 5 in Polearms
  4921 | D:6      | Found a basalt altar of Yredelemnul.
  4968 | D:6      | Noticed Grinder
  4985 | D:6      | Reached **** piety under Trog
  5012 | D:6      | Paralysed by Grinder for 6 turns
  5062 | D:6      | Killed Grinder
  5101 | D:6      | Got a faintly glowing chain mail
  5339 | D:6      | Found a transporter.
  5347 | D:6      | Noticed a two-headed ogre
  5558 | D:6      | HP: 1/50 [two-headed ogre/+7 great mace (6)]
  5561 | D:6      | Demolished by a two-headed ogre

Skill      XL: |  1  2  3  4  5  6  7  8 |
---------------+-------------------------+-----
Fighting       | 4 5 |  5.6
Dodging        | 2 |  2.2
Maces & Flails | 4 |  4.6
Polearms       | 1 2 4 5 |  5.7
Throwing       | 1 2 3 4 |  4.0
Shields        | 2 |  2.4
Armour         | 3 4 |  4.3
Stealth        | |  0.3

Action                   |  1- 3 |  4- 6 |  7- 9 || total
-------------------------+-------+-------+-------++-------
Melee: Mace              |    71 |       |       ||    71
       Spear             |    12 |   214 |   315 ||   541
  Use: Scroll            |     2 |     3 |     6 ||    11
       Potion            |       |       |     6 ||     6
  Eat: Chunk             |     1 |     5 |     5 ||    11
       Ration            |       |       |     1 ||     1
Armor: Animal skin       |    24 |       |       ||    24
       Plate armour      |     1 |   117 |   132 ||   250
Dodge: Dodged            |    45 |    44 |    81 ||   170
Block: Buckler           |       |    22 |    22 ||    44
